 Dungeon Sprint DCSS version 0.20-a0-1043-gbd57889 (webtiles) character file.

54 Krakonus1 the Covert (level 6, -6/43 (46) HPs)
             Began as an Octopode Gladiator on Apr 25, 2017.
             Was an Initiate of Gozag.
             Hit by a large rock thrown by a cyclops (34 damage)
             ... in the Dungeon (Sprint VI: "Thunderdome").
             The game lasted 00:08:47 (307 turns).

Krakonus1 the Covert (Octopode Gladiator)            Turns: 307, Time: 00:08:47

HP:   -6/43 (46)    AC:  1    Str: 22    XL:     6   Next: 94%
MP:   6/6           EV: 18    Int: 10    God:    Gozag
Gold: 154           SH:  5    Dex: 18    Spells: 5/5 levels left

rFire    + + +     SeeInvis +   a - +0 trident
rCold    x x .     Gourm    .   (no shield)
rNeg     + + +     Faith    .   b - +0 hat
rPois    +         Spirit   .   B - amulet "Epreil" {Reflect rPois rF- rN+++ SH+5 Stlth+}
rElec    +         Reflect  +   p - ring "Rudomeh" {rF+ SInv}
rCorr    +         Harm     .   o - ring of Oenomania {rCorr +Blink rElec rC- MR+++}
MR       ++...     NoTele   +   q - ring of Untruth {Fire rN+}
Stlth    ++++......             r - ring "Orecext" {rPois rN+}
Regen    0.2/turn               s - ring "Gunto" {rPois rF+ Str+4}
MPRegen  0.1/turn               v - ring of Gaasau {+Fly rN+}
                                u - ring of the King {rCorr Dex+3}
                                C - ring "Itwo" {rElec rF+ MR- Str+4 Stlth+}

@: contaminated, glowing
A: almost no armour, stealthy swim, amphibious, 8 rings, constrict 8, camouflage
1, gelatinous body 1
a: Potion Petition, Call Merchant, Bribe Branch, Renounce Religion, Evoke Blink,
Evoke Flight


You were in the Dungeon.
You worshipped Gozag.
Gozag was aware of your devotion.
You were not hungry.

You visited 1 branch You collected 919 gold pieces.
You spent 765 gold pieces at shops.

Inventory:

Hand Weapons
 a - a +0 trident (weapon)
Missiles
 c - 3 throwing nets (quivered)
Armour
 b - a +0 hat (worn)
Jewellery
 o - the ring of Oenomania (right tentacle) {rCorr +Blink rElec rC- MR+++}
   (You bought it in a shop in the Dungeon)

   [ring of resist corrosion]

   It makes you vulnerable to cold.
   It insulates you from electricity.
   It affects your resistance to hostile enchantments.
   It lets you blink.
 p - the ring "Rudomeh" (left tentacle) {rF+ SInv}
   (You bought it in a shop in the Dungeon)

   [ring of see invisible]

   It protects you from fire.
   It lets you see invisible.
 q - the ring of Untruth (on tentacle) {Fire rN+}
   (You bought it in a shop in the Dungeon)

   [ring of fire]

   It enhances your fire magic.
   It protects you from fire.
   It makes you vulnerable to cold.
   It protects you from negative energy.
 r - the ring "Orecext" (on tentacle) {rPois rN+}
   (You bought it in a shop in the Dungeon)

   [ring of poison resistance]

   It protects you from poison.
   It protects you from negative energy.
 s - the ring "Gunto" (on tentacle) {rPois rF+ Str+4}
   (You bought it in a shop in the Dungeon)

   [ring of protection from fire]

   It affects your strength (+4).
   It protects you from fire.
   It protects you from poison.
 t - the ring "Zouffeb" {*Corrode rF+ Int+5 Stlth+}
   (You bought it in a shop in the Dungeon)

   [ring of stealth]

   It affects your intelligence (+5).
   It protects you from fire.
   It may corrode you when you take damage.
   It makes you more stealthy.
 u - the ring of the King (on tentacle) {rCorr Dex+3}
   (You bought it in a shop in the Dungeon)

   [ring of resist corrosion]

   It affects your dexterity (+3).
 v - the ring of Gaasau (on tentacle) {+Fly rN+}
   (You bought it in a shop in the Dungeon)

   [ring of flight]

   It protects you from negative energy.
   It lets you fly.
 w - the ring "Fokkun" {rElec rPois MP+9 Dex-4}
   (You bought it in a shop in the Dungeon)

   [ring of magical power]

   It affects your dexterity (-4).
   It insulates you from electricity.
   It protects you from poison.
   It affects your magic capacity (+9).
 x - the ring of Xodo {rElec rPois MR- Int+5 Dex+2}
   (You bought it in a shop in the Dungeon)

   [ring of dexterity]

   It affects your intelligence (+5).
   It affects your dexterity (+2).
   It insulates you from electricity.
   It protects you from poison.
   It affects your resistance to hostile enchantments.
 y - the ring "Depuo" {Fire SInv}
   (You bought it in a shop in the Dungeon)

   [ring of fire]

   It enhances your fire magic.
   It protects you from fire.
   It makes you vulnerable to cold.
   It lets you see invisible.
 z - the ring "Uniann" {*Contam rPois Int+3 Dex+2}
   (You bought it in a shop in the Dungeon)

   [ring of intelligence]

   It affects your intelligence (+3).
   It affects your dexterity (+2).
   It protects you from poison.
   It causes magical contamination when unequipped.
 A - the amulet "Seavew" {+Rage rC+}
   (You bought it in a shop in the Dungeon)

   [amulet of rage]

   It protects you from cold.
   It lets you go berserk.
 B - the amulet "Epreil" (around mantle) {Reflect rPois rF- rN+++ SH+5 Stlth+}
   (You bought it in a shop in the Dungeon)

   [amulet of reflection]

   It shields you and reflects attacks.
   It makes you vulnerable to fire.
   It protects you from poison.
   It renders you almost immune to negative energy.
   It affects your SH (+5).
   It makes you more stealthy.
 C - the ring "Itwo" (on tentacle) {rElec rF+ MR- Str+4 Stlth+}
   (You bought it in a shop in the Dungeon)

   [ring of stealth]

   It affects your strength (+4).
   It protects you from fire.
   It insulates you from electricity.
   It affects your resistance to hostile enchantments.
   It makes you more stealthy.
 D - the amulet "Puzisse" {RegenMP +Fly rN++}
   (You bought it in a shop in the Dungeon)

   [amulet of magic regeneration]

   It increases your magic regeneration.
   It greatly protects you from negative energy.
   It lets you fly.
 E - the amulet "Toleohec" {Gourm rElec Int+3}
   (You bought it in a shop in the Dungeon)

   [amulet of the gourmand]

   It allows you to eat raw meat even when not hungry.
   It affects your intelligence (+3).
   It insulates you from electricity.
Wands
 l - a wand of acid (5/15)
 m - a wand of iceblast (5/15)
Scrolls
 j - 4 scrolls of blinking
 n - 3 scrolls of fog
Potions
 e - a potion of curing
 f - 4 potions of heal wounds
 g - 4 potions of haste
 h - 2 potions of magic
 i - a potion of berserk rage
 k - a potion of resistance
Comestibles
 d - a bread ration


   Skills:
 + Level 6.0 Fighting
 * Level 9.0 Polearms
 - Level 2.0 Throwing
 + Level 6.5 Dodging
 * Level 11.5 Stealth


You had 5 spell levels left.
You didn't know any spells.

Dungeon Overview and Level Annotations

Branches:
Dungeon (1/1)

Altars:
Cheibriados
Dithmenos
Fedhas
Gozag
Kikubaaqudgha
Makhleb
Okawaru
Qazlal
Ru
Sif Muna
Trog
Uskayaw
Vehumet
Wu Jian
Xom
Yredelemnul
Zin
The Shining One
Beogh
Jiyva
Lugonu

Shops:
D [%??*?*:[((!!!!


Innate Abilities, Weirdness & Mutations

You cannot wear most types of armour.
You are very stealthy in the water. (Stealth+)
You are amphibious.
You can wear up to eight rings at the same time.
You can use your tentacles to constrict eight enemies at once.
Your skin changes colour to match your surroundings (Stealth+).
Your rubbery body absorbs attacks. (AC +1, EV +1)


Message History

There is a stormy altar of Qazlal here.
There is an ancient bone altar of Kikubaaqudgha here.
There is a viscous altar of Jiyva here.
There is an entrance to Viahaclo's Premium Goods here.
There is an entrance to Aschuafy's Miscellaneous Merchandise here.
Get ready!
ROUND 3!
FIGHT!
There is an entrance to Kekel's Basic Armour here.
A cyclops comes into view.
There is an entrance to Opuese Neqi's Weapon Rack here.
Okay, then.
You have 154 gold pieces.
Okay, then.
There is a basalt altar of Yredelemnul here.
The cyclops shouts!
There is a corrupted altar of Lugonu here.
The cyclops throws a large rock.
The large rock hits you!!
Ouch! That really hurt!
You die...
Your body crumbles into a pile of gold.

.........###...###..........§#
............###.............##
#∩..[.....8.# #.8........∩###
##∩___......###......__.∩##
######.8.........8.######
#⌠.........C.§#
###....[....### #_......._#
#_......@_# #_......._#
#∩.......∩# ##∩.....∩##
##.....## ##⌠⌠⌠## #####


You could see a cyclops.

Vanquished Creatures
  Sigmund (D)
  2 necrophages (D)
  A wight (D)
  Terence (D)
  An adder (D)
  An adder zombie (D)
  An adder skeleton (D)
  An orc (D)
  A bat skeleton (D)
  A kobold (D)
11 creatures vanquished.

Notes
Turn   | Place    | Note
-------+----------+-------------------------------------------
     0 | D        | Krakonus1 the Octopode Gladiator began the quest for the Orb.
     0 | D        | Reached XP level 1. HP: 14/14 MP: 1/1
     1 | D        | Found a burning altar of Makhleb.
     1 | D        | Found a roughly hewn altar of Beogh.
     2 | D        | Found a snail-covered altar of Cheibriados.
     3 | D        | Found an opulent altar of Gozag.
     4 | D        | Found Oxuas's Distillery.
     4 | D        | Found a shimmering altar of Xom.
     4 | D        | Found a glowing golden altar of the Shining One.
     4 | D        | Found Fem Obesch's Do-It-Yourself Clinic.
     5 | D        | Found Oclap's Distillery.
     5 | D        | Found Pesoraiv's Bottled Wisdom.
     5 | D        | Round 1.
     6 | D        | Found a deep blue altar of Sif Muna.
    11 | D        | Became a worshipper of Gozag Ym Sagoz the Greedy
    18 | D        | Reached skill level 3 in Stealth
    18 | D        | Reached XP level 2. HP: 20/20 MP: 2/2
    21 | D        | Found Fuewk's Staff Store.
    21 | D        | Found Vienteor's Must-Have Magic.
    22 | D        | Found Petof's Magic Scroll Shop.
    23 | D        | Found an ornate altar of the Wu Jian Council.
    23 | D        | Found a hide-covered altar of Uskayaw.
    23 | D        | Found Weogocot's Magic Scroll Shop.
    26 | D        | Noticed Sigmund
    27 | D        | Found a glowing silver altar of Zin.
    28 | D        | Found a bloodstained altar of Trog.
    29 | D        | Found a shadowy altar of Dithmenos.
    32 | D        | Killed Sigmund
    32 | D        | Reached skill level 5 in Dodging
    32 | D        | Reached skill level 8 in Stealth
    32 | D        | Reached XP level 3. HP: 27/27 MP: 3/3
    32 | D        | Reached XP level 4. HP: 34/34 MP: 4/4
    32 | D        | Reached XP level 5. HP: 38/38 MP: 5/5
    34 | D        | Found Toaryif's Bee Food.
    34 | D        | Found an iron altar of Okawaru.
    34 | D        | Found a sacrificial altar of Ru.
    34 | D        | Found a blossoming altar of Fedhas.
    34 | D        | Found Vup Wong's Identification Station.
    38 | D        | Found Wauloty's Jewellery.
    38 | D        | Found Atiakk's Advanced Armour.
    42 | D        | Found a stormy altar of Qazlal.
    43 | D        | Found an ancient bone altar of Kikubaaqudgha.
    44 | D        | Found a viscous altar of Jiyva.
    45 | D        | Found Viahaclo's Premium Goods.
    46 | D        | Found a radiant altar of Vehumet.
    46 | D        | Found a corrupted altar of Lugonu.
    46 | D        | Found a basalt altar of Yredelemnul.
    46 | D        | Found Opuese Neqi's Weapon Rack.
    46 | D        | Found Aschuafy's Miscellaneous Merchandise.
    46 | D        | Found Kekel's Basic Armour.
    70 | D        | Noticed Terence
    78 | D        | Killed Terence
    78 | D        | Reached skill level 9 in Stealth
   115 | D        | Arena points: 12 (+12) [x2]
   127 | D        | Bought a translucent wooden ring for 45 gold pieces
   127 | D        | Bought a steaming steel ring for 45 gold pieces
   127 | D        | Bought a glittering iron ring for 45 gold pieces
   127 | D        | Bought a scorched platinum ring for 45 gold pieces
   127 | D        | Bought a sparkling silver ring for 45 gold pieces
   127 | D        | Bought a bound tin ring for 45 gold pieces
   127 | D        | Bought a fine platinum ring for 45 gold pieces
   127 | D        | Bought a warped pewter ring for 45 gold pieces
   127 | D        | Bought a shimmering lead ring for 45 gold pieces
   127 | D        | Bought a coiled pewter ring for 45 gold pieces
   127 | D        | Bought a scintillating marble ring for 45 gold pieces
   127 | D        | Identified the ring "Rudomeh" {rF+ SInv} (You bought it in a shop in the Dungeon)
   128 | D        | Identified the ring of Oenomania {rCorr +Blink rElec rC- MR+++} (You bought it in a shop in the Dungeon)
   129 | D        | Identified the ring of Untruth {Fire rN+} (You bought it in a shop in the Dungeon)
   130 | D        | Identified the ring "Orecext" {rPois rN+} (You bought it in a shop in the Dungeon)
   131 | D        | Identified the ring "Gunto" {rPois rF+ Str+4} (You bought it in a shop in the Dungeon)
   132 | D        | Identified the ring "Zouffeb" {*Corrode rF+ Int+5 Stlth+} (You bought it in a shop in the Dungeon)
   133 | D        | Identified the ring of the King {rCorr Dex+3} (You bought it in a shop in the Dungeon)
   134 | D        | Identified the ring of Gaasau {+Fly rN+} (You bought it in a shop in the Dungeon)
   136 | D        | Identified the ring "Fokkun" {rElec rPois MP+9 Dex-4} (You bought it in a shop in the Dungeon)
   140 | D        | Identified the ring of Xodo {rElec rPois MR- Int+5 Dex+2} (You bought it in a shop in the Dungeon)
   142 | D        | Identified the ring "Depuo" {Fire SInv} (You bought it in a shop in the Dungeon)
   149 | D        | Round 2.
   162 | D        | Reached skill level 5 in Fighting
   162 | D        | Reached XP level 6. HP: 45/45 MP: 6/6
   173 | D        | Noticed a necrophage
   183 | D        | Killed a necrophage
   183 | D        | Reached skill level 10 in Stealth
   217 | D        | Noticed a necrophage
   235 | D        | Killed a necrophage
   235 | D        | Reached skill level 11 in Stealth
   239 | D        | Arena points: 54 (+42) [x3]
   266 | D        | Bought a faintly glowing turquoise ring for 45 gold pieces
   266 | D        | Bought a scorched lead amulet for 45 gold pieces
   266 | D        | Bought a heavily runed sapphire amulet for 45 gold pieces
   266 | D        | Bought a fine brass ring for 45 gold pieces
   266 | D        | Bought a bound bone amulet for 45 gold pieces
   266 | D        | Bought a brightly glowing sapphire amulet for 45 gold pieces
   267 | D        | Identified the ring "Uniann" {*Contam rPois Int+3 Dex+2} (You bought it in a shop in the Dungeon)
   269 | D        | Identified the ring "Itwo" {rElec rF+ MR- Str+4 Stlth+} (You bought it in a shop in the Dungeon)
   270 | D        | Identified the amulet "Seavew" {+Rage rC+} (You bought it in a shop in the Dungeon)
   272 | D        | Identified the amulet "Epreil" {Reflect rPois rF- rN+++ SH+5 Stlth+} (You bought it in a shop in the Dungeon)
   274 | D        | Identified the amulet "Puzisse" {RegenMP +Fly rN++} (You bought it in a shop in the Dungeon)
   276 | D        | Identified the amulet "Toleohec" {Gourm rElec Int+3} (You bought it in a shop in the Dungeon)
   302 | D        | Round 3.
   305 | D        | Noticed a cyclops
   307 | D        | Hit by a large rock thrown by a cyclops

Vault maps used:
D:        arena_sprint

Skill      XL: |  1  2  3  4  5  6 |
---------------+-------------------+-----
Stealth        | 3 8 9 11 | 11.5
Fighting       | 4 5 6 |  6.0
Polearms       | 6 7 9 |  9.0
Dodging        | 5 6 |  6.5
Throwing       | |  2.0

Action                   |  1- 3 |  4- 6 || total
-------------------------+-------+-------++-------
Melee: Trident           |     6 |    31 ||    37
       Constrict         |     1 |     6 ||     7
       Tentacles         |     1 |     4 ||     5
Invok: Potion Petition   |     1 |       ||     1
 Stab: Invisible         |     1 |       ||     1
       Distracted        |       |     2 ||     2
Armor: Skin              |       |     1 ||     1
Dodge: Dodged            |     5 |    11 ||    16
